 Dungeon Crawl Stone Soup version 0.32-a0-473-gd044c6f0f0 (webtiles) character file.

Game seed: 4194483768237947976

119 BubbleThief the Gusty (level 5, -2/28 HPs)
             Began as a Tengu Air Elementalist on Feb 25, 2024.
             Slain by Grinder (3 damage)
             ... on level 3 of the Dungeon.
             The game lasted 00:05:00 (3402 turns).

BubbleThief the Gusty (Tengu Air Elementalist)      Turns: 3402, Time: 00:05:00

Health: -2/28      AC:  2    Str:  9    XL:     5   Next: 3%
Magic:  1/10       EV: 12    Int: 17    God:
Gold:   159        SH:  0    Dex: 14    Spells: 8/9 levels left

rFire   . . .        f - +0 short sword
rCold   . . .        (no shield)
rNeg    . . .        a - +0 robe
rPois   .            (helmet restricted)
rElec   .            (no cloak)
rCorr   .            (no gloves)
SInv    .            (boots unavailable)
Will    .....        (no amulet)
Stlth   ++           (no ring)
HPRegen 0.24/turn    (no ring)
MPRegen 0.12/turn

%: acrobat
@: no status effects
A: beak, talons 3, acrobatic
a: no special abilities


You were on level 3 of the Dungeon.
You visited 1 branch of the dungeon, and saw 3 of its levels.

You collected 159 gold pieces.

Inventory:

Hand Weapons
 f - a +0 short sword (weapon)
Missiles
 r - 3 curare-tipped darts
Armour
 a - a +0 robe (worn)
Scrolls
 c - 2 scrolls of identify {unknown}
 e - a scroll of vulnerability {unknown}
 g - 2 scrolls of teleportation {unknown}
 j - a scroll of enchant weapon {unknown}
 k - a scroll of blinking {unknown}
 l - a scroll of fear {unknown}
 m - a scroll of summoning {unknown}
 n - a scroll of enchant armour {unknown}
 o - a scroll of revelation {unknown}
 q - a scroll of amnesia {unknown}
Potions
 b - a potion of magic
 d - a potion of haste {unknown}
 h - 4 potions of attraction {unknown}
 i - 2 potions of enlightenment {unknown}
 p - a potion of heal wounds {unknown}


   Skills:
 - Level 2.1 Dodging
 - Level 2.0 Stealth
 + Level 2.8 Spellcasting
 + Level 3.2 Conjurations
 * Level 5.9 Air Magic


You had 8 spell levels left.
You knew the following spells:

 Your Spells              Type           Power      Damage    Failure   Level
a - Shock                 Conj/Air       72%        1d7       2%          1

Your spell library contained the following spells:

 Spells                   Type           Power      Damage    Failure   Level
 Static Discharge         Conj/Air       36%        3-5/arc   4%          2
 Swiftness                Air            22%        N/A       4%          3
 Airstrike                Air            11%        2d(2-18)  16%         4
 Slow                     Hex            8%         N/A       19%         1
 Ensorcelled Hibernation  Hex/Ice        4%         N/A       26%         2
 Confusing Touch          Hex            2%         N/A       47%         3
 Fugue of the Fallen      Necr           2%         N/A       47%         3
 Sigil of Binding         Hex            2%         N/A       47%         3
 Vampiric Draining        Necr           2%         2d6       47%         3
 Anguish                  Hex/Necr       1%         N/A       87%         4


Dungeon Overview and Level Annotations

Branches:
Dungeon (3/15)

Altars:
Makhleb
Trog

Annotations:
D:3 Grinder


Innate Abilities, Weirdness & Mutations

You have a beak for a mouth.
You have claws for feet.
You can magically evade attacks while moving or waiting.


Message History

Your magical contamination has completely faded away.
A giant cockroach comes into view.
Grinder gestures at you. Pain shoots through your body!
Grinder gestures at you.
You suddenly lose the ability to move!
Grinder says, "Just stop there for a second..."
Grinder hits you.
You writhe in agony.
Grinder hits you!
You can move again.
Unknown command.
Unknown command.
Aiming: Shock (safe; 2% risk of failure)
Press: ? - help, Q - select action, (/) - cycle Shift-Dir - straight line, p - Grinder The zap hits Grinder.
Grinder is heavily wounded.
Grinder barely misses you.
Unknown command.
Unknown command.
Aiming: Shock (safe; 2% risk of failure)
Press: ? - help, Q - select action, (/) - cycle Shift-Dir - straight line The zap hits Grinder.
Grinder is heavily wounded.
Grinder sighs, "No one appreciates my work."
Grinder hits you.
Aiming: Shock (safe; 2% risk of failure)
Press: ? - help, Q - select action, (/) - cycle Shift-Dir - straight line The zap misses Grinder.
Grinder gestures at you.
You shrug off the repeated paralysis!
Unknown command.
Aiming: Shock (safe; 2% risk of failure)
Press: ? - help, Q - select action, (/) - cycle Shift-Dir - straight line The zap hits Grinder but does no damage.
Grinder is heavily wounded.
Grinder hits you!
* * * LOW HITPOINT WARNING * * *
You writhe in agony.
You die...
Grinder says, "Hey, I wasn't done torturing you yet!"

... ..# #.# #.#
########.###.#######
...................#
...........#.#####.
.....?.....#.....#
B..........>..##.#
########5#....##.# ##
#@#....##.# .###
#......##.# ...###
#.........# .....###
#..)...####.# #......###
#...........# ###......###
#.#..########
..###......### #.#.........
#...###......#+#.........##
###...###......#.##.####.#


You could see Grinder.

Vanquished Creatures
  4 adders
  A gnoll (D:1)
  3 dart slugs
  2 ribbon worms (D:2)
  7 ball pythons
  4 endoplasms
  6 giant cockroaches
  6 goblins
  3 hobgoblins
  5 jackals
  4 kobolds
  A quokka (D:1)
  3 bats
  5 frilled lizards
  4 rats
58 creatures vanquished.

Notes
Turn   | Place    | Note
-------+----------+-------------------------------------------
     0 | D:1      | BubbleThief the Tengu Air Elementalist began the quest for
                  | the Orb.
     0 | D:1      | Reached XP level 1. HP: 10/10 MP: 4/4
   181 | D:1      | Reached XP level 2. HP: 15/15 MP: 0/6
   640 | D:1      | Reached XP level 3. HP: 18/19 MP: 0/7
  1147 | D:1      | Reached skill level 5 in Air Magic
  1877 | D:2      | Reached XP level 4. HP: 11/24 MP: 0/8
  2697 | D:3      | Found a bloodstained altar of Trog.
  3071 | D:3      | Found a burning altar of Makhleb.
  3155 | D:3      | Reached XP level 5. HP: 28/28 MP: 1/10
  3384 | D:3      | Noticed Grinder
  3394 | D:3      | Paralysed by Grinder for 5 turns
  3402 | D:3      | HP: 1/28 [Grinder (9)]
  3402 | D:3      | Slain by Grinder

Illustrated notes

Levels and vault maps discovered:
D:1:      arrival_zaba_pyramid, layout_basic
D:2:      layout_basic, minmay_ruptured
D:3:      minmay_razor_zed, layout_basic, overflow_temple_1_default,
          lemuel_crystal_altar, trog_book, uniq_grinder

Skill      XL: |  1  2  3  4 |
---------------+-------------+-----
Conjurations   | 2 3 |  3.2
Air Magic      | 5 |  5.9
Dodging        | |  2.1
Stealth        | |  2.0
Spellcasting   | |  2.8

Action                     |  1- 3 |  4- 6 || total
---------------------------+-------+-------++-------
  Melee: Unarmed           |     4 |       ||     4
         Peck              |     2 |       ||     2
         Short sword       |     9 |     1 ||    10
         Kick              |     1 |       ||     1
   Cast: Shock             |    79 |    55 ||   134
 Armour: Robe              |    16 |     6 ||    22
  Dodge: Dodged            |    32 |    15 ||    47

Table legend: (Time is in decaauts)
 A = Elapsed time spent in this place.
 B = Non-inter-level travel time spent in this place.
 C = Inter-level travel time spent in this place.
 D = Time resting spent in this place.
 E = Time spent auto-exploring this place.
 F = Levels seen in this place.
 G = Mean time per level.
                   A        B        C        D        E       F      G
               +--------+--------+--------+--------+--------+-----+--------+
         Total |   3401 |   3334 |     67 |      0 |   2979 |   3 | 1133.7 |
       Dungeon |   3401 |   3334 |     67 |      0 |   2979 |   3 | 1133.7 |
               +--------+--------+--------+--------+--------+-----+--------+

Top non-repeatable levels by time:
     D:1: 1288 daAuts
     D:2: 1200 daAuts
     D:3: 911 daAuts
